Maple Leafs vs Sharks
(R1)
Created - May 19, 2021 at 19:20
Goals
|
| Maple Leafs |
0 |
4 |
1 |
5 |
| Sharks |
0 |
2 |
1 |
3 |
|
Shots
|
| Maple Leafs |
14 |
13 |
10 |
37 |
| Sharks |
3 |
13 |
16 |
32 |
|
1st period
No Goal
Penalties :
Dany Heatley (Tor) for Close Hand On Puck (Minor) at 2:24, Nick Palmieri (SJS) for Interference (Minor) at 12:16, Phil Di Giuseppe (SJS) for Hooking (Minor) at 15:41, Oskar Osala (SJS) for Roughing (Minor) at 18:16
2nd period
1. Maple Leafs , Jake Guentzel 1 (Ben Smith 1, Logan Couture 1) at 4:29 (PP)
2. Maple Leafs , Ben Smith 1 (Braydon Coburn 1, Jake Guentzel 2) at 8:30
3. Sharks , Nick Palmieri 5 (Drew Doughty 7, Jason Spezza 6) at 9:39 (PP)
4. Sharks , Milan Michalek 1 (Drew Doughty 8, T.J. Hensick 2) at 10:45
5. Maple Leafs , Braydon Coburn 1 (Hampus Lindholm 3, Ben Smith 2) at 16:18 (PP)
6. Maple Leafs , Blake Comeau 2 (Kevin Shattenkirk 5, Mika Zibanejad 2) at 18:52
Penalties :
Bobby Butler (SJS) for Cross-checking (Minor) at 2:59, Kevin Shattenkirk (Tor) for Tripping (Minor) at 9:24, Tyler Cuma (SJS) for Hooking (Minor) at 14:32, Nick Palmieri (SJS) for Roughing (Minor) at 19:13
3rd period
7. Maple Leafs , Claude Giroux 2 (Patrick Kane 3, Braydon Coburn 2) at 8:08
8. Sharks , Milan Michalek 2 (Oskar Osala 1, PK Subban 2) at 12:07
Penalties :
Andre Burakovsky (Tor) for Tripping (Minor) at 15:18, T.J. Hensick (SJS) for Goalie Interference (Minor) at 16:36
Goalie Stats
John Gibson (Tor), 29 saves from 32 shots - (0.906), W, 3-1-0, 60:00 minutes
Ryan Miller (SJS), 32 saves from 37 shots - (0.865), L, 2-3-0, 60:00 minutes
Players Stats for Maple Leafs
Player Name G A P +/- PIM S H SB GA TA FO MP PP MP PK MP
------------------------------------------------------------------------------------
Andre Burakovsky 0 0 0 0 2 0 1 0 1 0 0/0 8:30 0:00 0:20
Beau Bennett 0 0 0 0 0 0 0 0 0 0 0/1 8:11 0:00 0:00
Ben Smith 1 2 3 0 0 4 1 0 0 0 1/1 18:52 7:21 0:00
Blake Comeau 1 0 1 1 0 3 1 0 0 0 0/0 7:33 0:07 0:00
Bo Horvat 0 0 0 0 0 2 3 0 0 1 12/25 15:45 0:00 0:00
Brayden Schenn 0 0 0 0 0 2 1 0 1 0 6/12 14:13 4:56 0:52
Braydon Coburn 1 2 3 1 0 2 1 1 0 1 0/0 21:47 7:33 0:51
Calvin de Haan 0 0 0 1 0 0 0 0 0 0 0/0 9:56 0:00 0:15
Claude Giroux 1 0 1 0 0 5 2 0 0 0 3/3 23:19 4:56 2:32
Dany Heatley 0 0 0 1 2 2 0 0 0 0 0/1 8:04 0:13 0:00
Hampus Lindholm 0 1 1 1 0 2 1 0 0 3 0/0 21:47 7:33 0:51
Jake Guentzel 1 1 2 0 0 3 0 0 1 0 0/0 18:52 7:21 0:00
John Klingberg 0 0 0 -1 0 0 3 1 1 0 0/0 28:32 4:57 2:41
Kevin Shattenkirk 0 1 1 -1 2 1 1 1 0 1 0/0 28:16 4:57 2:26
Logan Couture 0 1 1 0 0 4 0 0 0 2 11/23 21:34 7:18 2:33
Mika Zibanejad 0 1 1 1 0 1 4 1 0 0 0/3 8:59 0:39 0:07
Patrick Kane 0 1 1 0 0 5 2 0 0 0 0/1 21:53 4:39 0:40
Ryan Parent 0 0 0 1 0 1 1 0 0 0 0/0 9:41 0:00 0:00
Players Stats for Sharks
Player Name G A P +/- PIM S H SB GA TA FO MP PP MP PK MP
------------------------------------------------------------------------------------
Andrej Sekera 0 0 0 0 0 0 1 0 0 0 0/0 8:34 0:00 0:00
Bobby Butler 0 0 0 0 2 0 0 0 1 0 0/0 11:18 0:00 0:00
Boone Jenner 0 0 0 -1 0 1 0 0 0 0 0/0 7:19 1:07 1:20
Brayden McNabb 0 0 0 0 0 0 1 0 0 0 0/0 9:06 0:00 0:32
David Rundblad 0 0 0 0 0 0 1 0 0 0 0/0 3:04 0:00 0:25
Drew Doughty 0 2 2 0 0 7 1 4 1 2 0/0 29:53 2:15 6:59
Jason Spezza 0 1 1 -2 0 4 1 2 1 1 19/38 25:58 2:25 6:42
Karl Alzner 0 0 0 -1 0 0 2 5 1 1 0/0 21:33 1:17 5:31
Luke Adam 0 0 0 0 0 1 0 0 1 0 3/5 10:16 0:00 0:00
Mike Cammalleri 0 0 0 -2 0 1 1 0 0 0 3/4 24:09 2:15 5:32
Milan Michalek 2 0 2 1 0 5 1 0 0 0 1/1 20:08 0:10 4:05
Nick Palmieri 1 0 1 -2 4 5 0 0 0 0 1/2 24:25 2:25 4:38
Oskar Osala 0 1 1 2 2 1 1 1 1 0 1/1 12:08 1:07 0:00
Phil Di Giuseppe 0 0 0 0 2 0 0 0 0 0 0/0 1:05 0:00 0:00
PK Subban 0 1 1 -1 0 0 0 1 1 0 0/0 24:28 1:17 7:20
T.J. Hensick 0 1 1 1 2 0 1 0 0 0 9/19 16:43 1:06 0:00
Tyler Cuma 0 0 0 0 2 4 3 0 1 0 0/0 23:21 2:15 4:13
Zach Boychuk 0 0 0 0 0 3 1 1 0 0 0/0 13:14 0:00 2:43
3 Stars
1 - Braydon Coburn (Tor)
2 - Ben Smith (Tor)
3 - Milan Michalek (SJS)
Power Play
Maple Leafs - 2 on 7 Attempt(s) - 28.57%
Sharks - 1 on 3 Attempt(s) - 33.33%
Penalty Kill
Maple Leafs - 2 on 3 Attempt(s) - 66.67%
- Score 0 goal in Penalty Kill
Sharks - 5 on 7 Attempt(s) - 71.43%
- Score 0 goal in Penalty Kill
Team Stat
Maple Leafs - Hits : 22 - Faceoff Wins : 33 - Blocked Shots : 4 - Penalty Minutes : 6
Sharks - Hits : 15 - Faceoff Wins : 37 - Blocked Shots : 14 - Penalty Minutes : 14
Official
Referees : Unknown
Linesman : Unknown
Game Notes
No Game Note
Finance
Level 1 -- Attendance: 5091 (84.85%) -- Ticket Income $585,465
Level 2 -- Attendance: 4476 (89.52%) -- Ticket Income $335,700
Level 3 -- Attendance: 1779 (88.95%) -- Ticket Income $88,950
Level 4 -- Attendance: 3627 (90.68%) -- Ticket Income $108,810
Luxury Box -- Attendance: 824 (82.40%) -- Ticket Income $173,040
Game was played at the Hockey Place Center.
Total Attendance: 15797 (87.76%)
Total Ticket Income: $1,291,965
Other Income: $193,795
Total Income: $1,485,760
Maple Leafs
5 vs 5 Forward
Center Left Wing Right Wing Time % Phy DF OF
1 Bo Horvat Claude Giroux Patrick Kane 40 1 2 2
2 Logan Couture Jake Guentzel Ben Smith 30 1 2 2
3 Brayden Schenn Andre Burakovsky Beau Bennett 20 1 2 2
4 Mika Zibanejad Dany Heatley Blake Comeau 10 1 2 2
5 vs 5 Defense
Defense Defense Time % Phy DF OF
1 Kevin Shattenkirk John Klingberg 40 1 2 2
2 Braydon Coburn Hampus Lindholm 30 1 2 2
3 Ryan Parent Calvin de Haan 20 1 2 2
4 Kevin Shattenkirk John Klingberg 10 1 2 2
PowerPlay Forward
Center Left Wing Right Wing Time % Phy DF OF
1 Brayden Schenn Claude Giroux Patrick Kane 60 1 2 2
2 Logan Couture Jake Guentzel Ben Smith 40 1 2 2
PowerPlay Defense
Defense Defense Time % Phy DF OF
1 Kevin Shattenkirk John Klingberg 60 1 2 2
2 Braydon Coburn Hampus Lindholm 40 1 2 2
Penalty Kill 4 Players Forward
Center Wing Time % Phy DF OF
1 Logan Couture Claude Giroux 60 1 2 2
2 Brayden Schenn Patrick Kane 40 1 2 2
Penalty Kill 4 Players Defense
Defense Defense Time % Phy DF OF
1 Kevin Shattenkirk John Klingberg 60 1 2 2
2 Braydon Coburn Hampus Lindholm 40 1 2 2
Penalty Kill - 3 Players Forward
Forward Time % Phy DF OF
1 Brayden Schenn 60 1 2 2
2 Logan Couture 40 1 2 2
Penalty Kill - 3 Players Defense
Defense Defense Time % Phy DF OF
1 Kevin Shattenkirk John Klingberg 60 1 2 2
2 Braydon Coburn Hampus Lindholm 40 1 2 2
4 vs 4 Forward
Center Wing Time % Phy DF OF
1 Logan Couture Patrick Kane 60 1 2 2
2 Brayden Schenn Claude Giroux 40 1 2 2
4 vs 4 Defense
Defense Defense Time % Phy DF OF
1 Kevin Shattenkirk John Klingberg 60 1 2 2
2 Braydon Coburn Hampus Lindholm 40 1 2 2
Last Minutes Offensive
Center Left Wing Right Wing Defense Defense
Brayden Schenn Claude Giroux Patrick Kane Kevin Shattenkirk John Klingberg
Last Minutes Defensive
Center Left Wing Right Wing Defense Defense
Brayden Schenn Claude Giroux Patrick Kane Kevin Shattenkirk Braydon Coburn
Goaltenders
Starting : John Gibson
Backup : Tyler Weiman
Extra Forwards
Normal : Mika Zibanejad, Dany Heatley, Brayden Schenn - PP : Mika Zibanejad, Dany Heatley - PK : Logan Couture
Extra Defensemen
Normal : Ryan Parent, Calvin de Haan, Braydon Coburn - PP : Ryan Parent - PK : Calvin de Haan, Braydon Coburn
Penalty Shots
Claude Giroux, Patrick Kane, Brayden Schenn, Ben Smith, Logan Couture
Scratches
Chris Kelly (Healthy)
Sharks
5 vs 5 Forward
Center Left Wing Right Wing Time % Phy DF OF
1 Jason Spezza Mike Cammalleri Nick Palmieri 40 1 1 3
2 T.J. Hensick Milan Michalek Oskar Osala 30 1 2 2
3 Luke Adam Zach Boychuk Bobby Butler 20 1 2 2
4 T.J. Hensick Milan Michalek Boone Jenner 10 1 3 1
5 vs 5 Defense
Defense Defense Time % Phy DF OF
1 Drew Doughty Tyler Cuma 40 1 1 3
2 PK Subban Karl Alzner 30 1 2 2
3 Andrej Sekera Brayden McNabb 20 1 2 2
4 David Rundblad Drew Doughty 10 1 3 1
PowerPlay Forward
Center Left Wing Right Wing Time % Phy DF OF
1 Jason Spezza Mike Cammalleri Nick Palmieri 60 1 1 3
2 T.J. Hensick Boone Jenner Oskar Osala 40 1 1 3
PowerPlay Defense
Defense Defense Time % Phy DF OF
1 Drew Doughty Tyler Cuma 60 1 1 3
2 PK Subban Karl Alzner 40 1 1 3
Penalty Kill 4 Players Forward
Center Wing Time % Phy DF OF
1 Jason Spezza Nick Palmieri 60 1 4 0
2 Mike Cammalleri Milan Michalek 40 1 4 0
Penalty Kill 4 Players Defense
Defense Defense Time % Phy DF OF
1 Drew Doughty PK Subban 60 1 4 0
2 Tyler Cuma Karl Alzner 40 1 4 0
Penalty Kill - 3 Players Forward
Forward Time % Phy DF OF
1 Jason Spezza 60 1 4 0
2 Nick Palmieri 40 1 4 0
Penalty Kill - 3 Players Defense
Defense Defense Time % Phy DF OF
1 Drew Doughty PK Subban 60 1 4 0
2 Tyler Cuma Karl Alzner 40 1 4 0
4 vs 4 Forward
Center Wing Time % Phy DF OF
1 Jason Spezza Nick Palmieri 60 1 2 2
2 Mike Cammalleri Luke Adam 40 1 2 2
4 vs 4 Defense
Defense Defense Time % Phy DF OF
1 Drew Doughty Tyler Cuma 60 1 2 2
2 PK Subban Karl Alzner 40 1 2 2
Last Minutes Offensive
Center Left Wing Right Wing Defense Defense
Jason Spezza Mike Cammalleri Nick Palmieri Drew Doughty PK Subban
Last Minutes Defensive
Center Left Wing Right Wing Defense Defense
Jason Spezza Mike Cammalleri Nick Palmieri Drew Doughty PK Subban
Goaltenders
Starting : Ryan Miller
Backup : Antti Niemi
Extra Forwards
Normal : Milan Michalek, Bobby Butler, Phil Di Giuseppe - PP : Milan Michalek, Bobby Butler - PK : Zach Boychuk
Extra Defensemen
Normal : Andrej Sekera, Brayden McNabb, David Rundblad - PP : Andrej Sekera - PK : Brayden McNabb, David Rundblad
Penalty Shots
Jason Spezza, Nick Palmieri, Mike Cammalleri, Milan Michalek, Phil Di Giuseppe
Scratches
Brandon Dubinsky (Upper Body Injury), Jiri Tlusty (Healthy)
% Time on Ice - Maple Leafs
Lines # - Real PCT - Wanted PCT - Time Play
Normal Forward
1 - 37% - 40% - 16:10
2 - 27% - 30% - 11:39
3 - 19% - 20% - 8:11
4 - 17% - 10% - 7:17
Normal Defense
1 - 43% - 40% - 18:47
2 - 31% - 30% - 13:23
3 - 22% - 20% - 9:41
4 - 3% - 10% - 1:26
PP Forward
1 - 41% - 60% - 5:09
2 - 59% - 40% - 7:21
PP Defense
1 - 40% - 60% - 4:57
2 - 60% - 40% - 7:33
PK Forward
1 - 81% - 60% - 2:52
2 - 19% - 40% - 0:40
PK Defense
1 - 76% - 60% - 2:41
2 - 24% - 40% - 0:51
PK3 Forward
1 - 0% - 60%
2 - 0% - 40%
PK3 Defense
1 - 0% - 60%
2 - 0% - 40%
44 Forward
1 - 100% - 60% - 0:41
2 - 0% - 40% - 0:00
44 Defense
1 - 100% - 60% - 0:41
2 - 0% - 40% - 0:00
Last Minute Offensive - 0:00
Last Minute Defensive - 0:00
Total
Forward - 60:00
Defense - 60:00
|
% Time on Ice - Sharks
Lines # - Real PCT - Wanted PCT - Time Play
Normal Forward
1 - 40% - 40% - 17:10
2 - 26% - 30% - 11:22
3 - 24% - 20% - 10:16
4 - 10% - 10% - 4:29
Normal Defense
1 - 42% - 40% - 18:03
2 - 34% - 30% - 14:35
3 - 20% - 20% - 8:34
4 - 5% - 10% - 2:05
PP Forward
1 - 68% - 60% - 2:25
2 - 32% - 40% - 1:07
PP Defense
1 - 64% - 60% - 2:15
2 - 36% - 40% - 1:17
PK Forward
1 - 74% - 60% - 9:14
2 - 26% - 40% - 3:16
PK Defense
1 - 56% - 60% - 6:59
2 - 44% - 40% - 5:31
PK3 Forward
1 - 0% - 60%
2 - 0% - 40%
PK3 Defense
1 - 0% - 60%
2 - 0% - 40%
44 Forward
1 - 100% - 60% - 0:41
2 - 0% - 40% - 0:00
44 Defense
1 - 76% - 60% - 0:31
2 - 24% - 40% - 0:10
Last Minute Offensive - 0:00
Last Minute Defensive - 0:00
Total
Forward - 60:00
Defense - 60:00
|
Play-by-Play
1st period
0:01 of 1st period - Jason Spezza wins face-off versus Bo Horvat in neutral zone.
0:54 of 1st period - Slapshot by Drew Doughty.
0:54 of 1st period - Shot Misses the Net.
1:06 of 1st period - Braydon Coburn is hit by Tyler Cuma and loses puck.
2:24 of 1st period - Minor Penalty to Dany Heatley for Close Hand On Puck.
2:25 of 1st period - Logan Couture wins face-off versus Jason Spezza in Maple Leafs zone.
3:14 of 1st period - Brayden Schenn is hit by Tyler Cuma and loses puck.
4:24 of 1st period - Penalty to Dany Heatley is over, Dany Heatley is back on ice.
4:57 of 1st period - Calvin de Haan is hit by T.J. Hensick and loses puck.
5:42 of 1st period - Backhand shot by Mika Zibanejad.
5:42 of 1st period - Stopped by Ryan Miller with a rebound.
5:44 of 1st period - Slapshot by Ryan Parent.
5:44 of 1st period - Deflect By Mika Zibanejad.
5:44 of 1st period - Shot Blocked by Jason Spezza.
5:44 of 1st period - Puck is out of play.
5:45 of 1st period - Brayden Schenn wins face-off versus Jason Spezza in Sharks zone.
7:01 of 1st period - Slapshot by Andre Burakovsky.
7:01 of 1st period - Shot Misses the Net.
7:03 of 1st period - Wrist shot by Brayden Schenn.
7:03 of 1st period - Stopped by Ryan Miller with a rebound.
7:49 of 1st period - Wrist shot by Claude Giroux.
7:49 of 1st period - Shot Blocked by PK Subban.
7:51 of 1st period - Slapshot by Claude Giroux.
7:51 of 1st period - Stopped by Ryan Miller without a rebound.
7:52 of 1st period - Claude Giroux wins face-off versus Jason Spezza in Sharks zone.
8:03 of 1st period - Slapshot by Claude Giroux.
8:03 of 1st period - Shot Misses the Net.
8:05 of 1st period - Snap shot by Claude Giroux.
8:05 of 1st period - Shot Blocked by Drew Doughty.
8:07 of 1st period - Wrist shot by Bo Horvat.
8:07 of 1st period - Stopped by Ryan Miller without a rebound.
8:08 of 1st period - Logan Couture wins face-off versus Jason Spezza in Sharks zone.
8:13 of 1st period - Snap shot by Jake Guentzel.
8:13 of 1st period - Shot Blocked by Drew Doughty.
8:15 of 1st period - Slapshot by Logan Couture.
8:15 of 1st period - Stopped by Ryan Miller with a rebound.
8:25 of 1st period - Snap shot by Ben Smith.
8:25 of 1st period - Shot Misses the Net.
8:42 of 1st period - Icing by Patrick Kane.
8:43 of 1st period - Bo Horvat wins face-off versus Luke Adam in Maple Leafs zone.
8:55 of 1st period - Wrist shot by Bobby Butler.
8:55 of 1st period - Shot Misses the Net.
9:17 of 1st period - Andrej Sekera is hit by Bo Horvat and loses puck.
9:44 of 1st period - Snap shot by Patrick Kane.
9:44 of 1st period - Shot Misses the Net.
9:58 of 1st period - Slapshot by Patrick Kane.
9:58 of 1st period - Stopped by Ryan Miller without a rebound.
9:59 of 1st period - T.J. Hensick wins face-off versus Logan Couture in Sharks zone.
10:08 of 1st period - Slapshot by Logan Couture.
10:08 of 1st period - Stopped by Ryan Miller with a rebound.
10:10 of 1st period - Snap shot by Logan Couture.
10:10 of 1st period - Stopped by Ryan Miller with a rebound.
11:19 of 1st period - Milan Michalek is hit by John Klingberg and loses puck.
11:24 of 1st period - Snap shot by Mika Zibanejad.
11:24 of 1st period - Deflect By Blake Comeau.
11:24 of 1st period - Stopped by Ryan Miller without a rebound.
11:25 of 1st period - Luke Adam wins face-off versus Mika Zibanejad in Sharks zone.
11:44 of 1st period - Snap shot by Kevin Shattenkirk.
11:44 of 1st period - Shot Blocked by Drew Doughty.
11:52 of 1st period - Snap shot by Dany Heatley.
11:52 of 1st period - Stopped by Ryan Miller without a rebound.
11:53 of 1st period - Jason Spezza wins face-off versus Bo Horvat in Sharks zone.
12:16 of 1st period - Minor Penalty to Nick Palmieri for Interference.
12:17 of 1st period - Jason Spezza wins face-off versus Patrick Kane in Sharks zone.
14:16 of 1st period - Penalty to Nick Palmieri is over, Nick Palmieri is back on ice.
14:20 of 1st period - Backhand shot by Nick Palmieri.
14:20 of 1st period - Stopped by John Gibson with a rebound.
14:36 of 1st period - Snap shot by Nick Palmieri.
14:36 of 1st period - Stopped by John Gibson with a rebound.
15:41 of 1st period - Minor Penalty to Phil Di Giuseppe for Hooking.
15:42 of 1st period - Brayden Schenn wins face-off versus Jason Spezza in Sharks zone.
15:42 of 1st period - Wrist shot by Patrick Kane.
15:42 of 1st period - Shot Misses the Net.
15:44 of 1st period - Wrist shot by Hampus Lindholm.
15:44 of 1st period - Stopped by Ryan Miller with a rebound.
15:46 of 1st period - Slapshot by Hampus Lindholm.
15:46 of 1st period - Stopped by Ryan Miller with a rebound.
15:48 of 1st period - Wrist shot by Patrick Kane.
15:48 of 1st period - Stopped by Ryan Miller with a rebound.
15:50 of 1st period - Slapshot by Hampus Lindholm.
15:50 of 1st period - Shot Misses the Net.
15:52 of 1st period - Snap shot by Brayden Schenn.
15:52 of 1st period - Shot Blocked by Karl Alzner.
15:54 of 1st period - Slapshot by Hampus Lindholm.
15:54 of 1st period - Shot Blocked by Karl Alzner.
17:35 of 1st period - Snap shot by Logan Couture.
17:35 of 1st period - Shot Misses the Net.
17:37 of 1st period - Snap shot by Braydon Coburn.
17:37 of 1st period - Stopped by Ryan Miller without a rebound.
17:38 of 1st period - Milan Michalek wins face-off versus Brayden Schenn in Sharks zone.
17:38 of 1st period - Milan Michalek is hit by Claude Giroux.
17:41 of 1st period - Penalty to Phil Di Giuseppe is over, Phil Di Giuseppe is back on ice.
17:54 of 1st period - Snap shot by Milan Michalek.
17:54 of 1st period - Stopped by John Gibson without a rebound.
17:55 of 1st period - T.J. Hensick wins face-off versus Bo Horvat in Maple Leafs zone.
17:56 of 1st period - Slapshot by Oskar Osala.
17:56 of 1st period - Shot Misses the Net.
18:16 of 1st period - Minor Penalty to Oskar Osala for Roughing.
18:17 of 1st period - Mike Cammalleri wins face-off versus Brayden Schenn in Sharks zone.
18:17 of 1st period - Mike Cammalleri is hit by John Klingberg.
19:58 of 1st period - Karl Alzner is hit by Mika Zibanejad and loses puck.
Goals for this period are 0 for Maple Leafs vs 0 for Sharks.
Shots for this period are 14 for Maple Leafs vs 3 for Sharks.
2nd period
0:01 of 2nd period - Brayden Schenn wins face-off versus Jason Spezza in neutral zone.
0:16 of 2nd period - Penalty to Oskar Osala is over, Oskar Osala is back on ice.
0:26 of 2nd period - Kevin Shattenkirk is hit by Zach Boychuk and loses puck.
1:25 of 2nd period - Slapshot by Zach Boychuk.
1:25 of 2nd period - Stopped by John Gibson with a rebound.
2:13 of 2nd period - Slapshot by Blake Comeau.
2:13 of 2nd period - Stopped by Ryan Miller without a rebound.
2:14 of 2nd period - Bo Horvat wins face-off versus Jason Spezza in Sharks zone.
2:42 of 2nd period - John Klingberg is hit by Drew Doughty.
2:54 of 2nd period - Slapshot by Claude Giroux.
2:54 of 2nd period - Stopped by Ryan Miller with a rebound.
2:59 of 2nd period - Minor Penalty to Bobby Butler for Cross-checking.
3:00 of 2nd period - Jason Spezza wins face-off versus Logan Couture in Sharks zone.
3:00 of 2nd period - Jason Spezza is hit by Ben Smith.
3:51 of 2nd period - Slapshot by Braydon Coburn.
3:51 of 2nd period - Shot Blocked by Karl Alzner.
3:53 of 2nd period - Wrist shot by Hampus Lindholm.
3:53 of 2nd period - Shot Misses the Net.
4:29 of 2nd period - Wrist shot by Jake Guentzel.
4:29 of 2nd period - Goal by Jake Guentzel - Maple Leafs : 1 - Sharks : 0.
4:30 of 2nd period - Luke Adam wins face-off versus Bo Horvat in neutral zone.
4:34 of 2nd period - Drew Doughty is hit by John Klingberg and loses puck.
4:53 of 2nd period - Drew Doughty is hit by Bo Horvat and loses puck.
5:02 of 2nd period - Snap shot by Claude Giroux.
5:02 of 2nd period - Stopped by Ryan Miller with a rebound.
5:30 of 2nd period - Backhand shot by Drew Doughty.
5:30 of 2nd period - Shot Misses the Net.
5:32 of 2nd period - Slapshot by Tyler Cuma.
5:32 of 2nd period - Stopped by John Gibson with a rebound.
5:34 of 2nd period - Slapshot by Drew Doughty.
5:34 of 2nd period - Deflect By Kevin Shattenkirk.
5:34 of 2nd period - Stopped by John Gibson without a rebound.
5:35 of 2nd period - Jason Spezza wins face-off versus Beau Bennett in Maple Leafs zone.
6:33 of 2nd period - Snap shot by Ben Smith.
6:33 of 2nd period - Stopped by Ryan Miller without a rebound.
6:34 of 2nd period - T.J. Hensick wins face-off versus Logan Couture in Sharks zone.
6:59 of 2nd period - Kevin Shattenkirk is hit by Mike Cammalleri and loses puck.
7:24 of 2nd period - Snap shot by Milan Michalek.
7:24 of 2nd period - Stopped by John Gibson with a rebound.
8:28 of 2nd period - Snap shot by Jake Guentzel.
8:28 of 2nd period - Stopped by Ryan Miller with a rebound.
8:30 of 2nd period - Slapshot by Braydon Coburn.
8:30 of 2nd period - Deflect By Ben Smith.
8:30 of 2nd period - Goal by Ben Smith - Maple Leafs : 2 - Sharks : 0.
8:31 of 2nd period - Jason Spezza wins face-off versus Bo Horvat in neutral zone.
9:09 of 2nd period - Snap shot by Drew Doughty.
9:09 of 2nd period - Stopped by John Gibson without a rebound.
9:10 of 2nd period - Jason Spezza wins face-off versus Bo Horvat in Maple Leafs zone.
9:17 of 2nd period - Slapshot by Nick Palmieri.
9:17 of 2nd period - Stopped by John Gibson with a rebound.
9:24 of 2nd period - Minor Penalty to Kevin Shattenkirk for Tripping.
9:25 of 2nd period - Jason Spezza wins face-off versus Logan Couture in Maple Leafs zone.
9:33 of 2nd period - Icing by Mike Cammalleri.
9:34 of 2nd period - Jason Spezza wins face-off versus Logan Couture in Sharks zone.
9:39 of 2nd period - Wrist shot by Drew Doughty.
9:39 of 2nd period - Deflect By Nick Palmieri.
9:39 of 2nd period - Goal by Nick Palmieri - Maple Leafs : 2 - Sharks : 1.
9:40 of 2nd period - Bo Horvat wins face-off versus Nick Palmieri in neutral zone.
10:16 of 2nd period - Snap shot by Jake Guentzel.
10:16 of 2nd period - Deflect By Drew Doughty.
10:16 of 2nd period - Stopped by Ryan Miller with a rebound.
10:18 of 2nd period - Wrist shot by Logan Couture.
10:18 of 2nd period - Deflect By Drew Doughty.
10:18 of 2nd period - Stopped by Ryan Miller without a rebound.
10:19 of 2nd period - Bo Horvat wins face-off versus Jason Spezza in Sharks zone.
10:30 of 2nd period - Wrist shot by Mike Cammalleri.
10:30 of 2nd period - Shot Misses the Net.
10:32 of 2nd period - Snap shot by Mike Cammalleri.
10:32 of 2nd period - Shot Misses the Net.
10:34 of 2nd period - Slapshot by PK Subban.
10:34 of 2nd period - Shot Blocked by John Klingberg.
10:41 of 2nd period - Icing by Patrick Kane.
10:42 of 2nd period - T.J. Hensick wins face-off versus Bo Horvat in Maple Leafs zone.
10:43 of 2nd period - Slapshot by Drew Doughty.
10:43 of 2nd period - Shot Hit the Post.
10:45 of 2nd period - Snap shot by Milan Michalek.
10:45 of 2nd period - Goal by Milan Michalek - Maple Leafs : 2 - Sharks : 2.
10:46 of 2nd period - Logan Couture wins face-off versus Jason Spezza in neutral zone.
10:49 of 2nd period - Slapshot by Kevin Shattenkirk.
10:49 of 2nd period - Deflect By Ben Smith.
10:49 of 2nd period - Stopped by Ryan Miller without a rebound.
10:50 of 2nd period - Ben Smith wins face-off versus Jason Spezza in Sharks zone.
10:53 of 2nd period - Slapshot by Kevin Shattenkirk.
10:53 of 2nd period - Deflect By Ben Smith.
10:53 of 2nd period - Shot Misses the Net.
10:53 of 2nd period - Puck is out of play.
10:54 of 2nd period - Jason Spezza wins face-off versus Logan Couture in Sharks zone.
11:07 of 2nd period - Slapshot by Nick Palmieri.
11:07 of 2nd period - Deflect By Jason Spezza.
11:07 of 2nd period - Stopped by John Gibson without a rebound.
11:08 of 2nd period - T.J. Hensick wins face-off versus Bo Horvat in Maple Leafs zone.
11:33 of 2nd period - Wrist shot by Luke Adam.
11:33 of 2nd period - Stopped by John Gibson with a rebound.
11:35 of 2nd period - Wrist shot by Zach Boychuk.
11:35 of 2nd period - Stopped by John Gibson without a rebound.
11:36 of 2nd period - Logan Couture wins face-off versus Luke Adam in Maple Leafs zone.
12:15 of 2nd period - Slapshot by Beau Bennett.
12:15 of 2nd period - Deflect By Drew Doughty.
12:15 of 2nd period - Shot Blocked by Drew Doughty.
12:15 of 2nd period - Puck is out of play.
12:16 of 2nd period - Bo Horvat wins face-off versus T.J. Hensick in Sharks zone.
12:40 of 2nd period - Icing by T.J. Hensick.
12:41 of 2nd period - Logan Couture wins face-off versus Jason Spezza in Sharks zone.
13:08 of 2nd period - Jason Spezza is hit by Ryan Parent.
13:42 of 2nd period - Snap shot by Oskar Osala.
13:42 of 2nd period - Stopped by John Gibson without a rebound.
13:43 of 2nd period - Oskar Osala wins face-off versus Logan Couture in Maple Leafs zone.
13:48 of 2nd period - Snap shot by T.J. Hensick.
13:48 of 2nd period - Shot Misses the Net.
13:55 of 2nd period - Off-side.
13:56 of 2nd period - Bo Horvat wins face-off versus T.J. Hensick in neutral zone.
13:59 of 2nd period - Snap shot by Kevin Shattenkirk.
13:59 of 2nd period - Deflect By Patrick Kane.
13:59 of 2nd period - Shot Misses the Net.
13:59 of 2nd period - Puck is out of play.
14:00 of 2nd period - T.J. Hensick wins face-off versus Bo Horvat in Sharks zone.
14:32 of 2nd period - Minor Penalty to Tyler Cuma for Hooking.
14:33 of 2nd period - Jason Spezza wins face-off versus Brayden Schenn in Sharks zone.
14:33 of 2nd period - Jason Spezza is hit by Claude Giroux.
15:50 of 2nd period - Slapshot by Hampus Lindholm.
15:50 of 2nd period - Shot Misses the Net.
16:12 of 2nd period - Wrist shot by Hampus Lindholm.
16:12 of 2nd period - Shot Blocked by Zach Boychuk.
16:16 of 2nd period - Slapshot by Hampus Lindholm.
16:16 of 2nd period - Shot Misses the Net.
16:18 of 2nd period - Slapshot by Braydon Coburn.
16:18 of 2nd period - Goal by Braydon Coburn - Maple Leafs : 3 - Sharks : 2.
16:19 of 2nd period - Bo Horvat wins face-off versus T.J. Hensick in neutral zone.
16:32 of 2nd period - Oskar Osala is hit by Kevin Shattenkirk and loses puck.
17:19 of 2nd period - Nick Palmieri is hit by Mika Zibanejad and loses puck.
17:31 of 2nd period - Off-side.
17:32 of 2nd period - Bo Horvat wins face-off versus T.J. Hensick in neutral zone.
17:51 of 2nd period - Milan Michalek is hit by Bo Horvat.
18:41 of 2nd period - Milan Michalek is hit by Mika Zibanejad and loses puck.
18:50 of 2nd period - Wrist shot by Kevin Shattenkirk.
18:50 of 2nd period - Stopped by Ryan Miller with a rebound.
18:52 of 2nd period - Slapshot by Blake Comeau.
18:52 of 2nd period - Goal by Blake Comeau - Maple Leafs : 4 - Sharks : 2.
18:53 of 2nd period - Logan Couture wins face-off versus Jason Spezza in neutral zone.
19:01 of 2nd period - Snap shot by Karl Alzner.
19:01 of 2nd period - Deflect By Jason Spezza.
19:01 of 2nd period - Stopped by John Gibson with a rebound.
19:10 of 2nd period - Kevin Shattenkirk is hit by Karl Alzner.
19:13 of 2nd period - Minor Penalty to Nick Palmieri for Roughing.
19:14 of 2nd period - Claude Giroux wins face-off versus Jason Spezza in Sharks zone.
Goals for this period are 4 for Maple Leafs vs 2 for Sharks.
Shots for this period are 13 for Maple Leafs vs 13 for Sharks.
3rd period
0:01 of 3rd period - Jason Spezza wins face-off versus Brayden Schenn in neutral zone.
0:08 of 3rd period - Wrist shot by Zach Boychuk.
0:08 of 3rd period - Stopped by John Gibson with a rebound.
1:13 of 3rd period - Penalty to Nick Palmieri is over, Nick Palmieri is back on ice.
1:13 of 3rd period - Mike Cammalleri is hit by Hampus Lindholm and loses puck.
1:44 of 3rd period - Drew Doughty is hit by Andre Burakovsky and loses puck.
2:39 of 3rd period - Nick Palmieri is hit by Patrick Kane and loses puck.
2:59 of 3rd period - Braydon Coburn is hit by Brayden McNabb and loses puck.
3:11 of 3rd period - Off-side.
3:12 of 3rd period - Luke Adam wins face-off versus Mika Zibanejad in neutral zone.
3:36 of 3rd period - Slapshot by Hampus Lindholm.
3:36 of 3rd period - Shot Blocked by Jason Spezza.
3:41 of 3rd period - Karl Alzner is hit by Braydon Coburn and loses puck.
4:02 of 3rd period - Snap shot by Claude Giroux.
4:02 of 3rd period - Shot Blocked by Oskar Osala.
4:04 of 3rd period - Snap shot by Patrick Kane.
4:04 of 3rd period - Stopped by Ryan Miller without a rebound.
4:05 of 3rd period - Logan Couture wins face-off versus Jason Spezza in Sharks zone.
4:12 of 3rd period - Wrist shot by Ben Smith.
4:12 of 3rd period - Shot Misses the Net.
5:46 of 3rd period - Wrist shot by Patrick Kane.
5:46 of 3rd period - Stopped by Ryan Miller without a rebound.
5:47 of 3rd period - Logan Couture wins face-off versus T.J. Hensick in Sharks zone.
6:06 of 3rd period - Ben Smith is hit by Milan Michalek and loses puck.
6:23 of 3rd period - Ben Smith is hit by David Rundblad and loses puck.
6:41 of 3rd period - Off-side.
6:42 of 3rd period - Bo Horvat wins face-off versus Jason Spezza in neutral zone.
6:49 of 3rd period - Snap shot by Claude Giroux.
6:49 of 3rd period - Shot Blocked by Karl Alzner.
6:51 of 3rd period - Snap shot by Patrick Kane.
6:51 of 3rd period - Stopped by Ryan Miller with a rebound.
6:53 of 3rd period - Snap shot by Patrick Kane.
6:53 of 3rd period - Shot Misses the Net.
6:55 of 3rd period - Snap shot by Patrick Kane.
6:55 of 3rd period - Deflect By Bo Horvat.
6:55 of 3rd period - Stopped by Ryan Miller without a rebound.
6:56 of 3rd period - Bo Horvat wins face-off versus Mike Cammalleri in Sharks zone.
7:42 of 3rd period - Wrist shot by Brayden Schenn.
7:42 of 3rd period - Stopped by Ryan Miller without a rebound.
7:43 of 3rd period - Brayden Schenn wins face-off versus Jason Spezza in Sharks zone.
8:08 of 3rd period - Snap shot by Claude Giroux.
8:08 of 3rd period - Goal by Claude Giroux - Maple Leafs : 5 - Sharks : 2.
8:09 of 3rd period - Nick Palmieri wins face-off versus Bo Horvat in neutral zone.
8:14 of 3rd period - Slapshot by Jason Spezza.
8:14 of 3rd period - Stopped by John Gibson with a rebound.
8:23 of 3rd period - Off-side.
8:24 of 3rd period - Logan Couture wins face-off versus T.J. Hensick in neutral zone.
8:36 of 3rd period - Slapshot by John Klingberg.
8:36 of 3rd period - Deflect By Ben Smith.
8:36 of 3rd period - Stopped by Ryan Miller with a rebound.
8:56 of 3rd period - Snap shot by Drew Doughty.
8:56 of 3rd period - Deflect By Kevin Shattenkirk.
8:56 of 3rd period - Stopped by John Gibson with a rebound.
8:58 of 3rd period - Snap shot by Milan Michalek.
8:58 of 3rd period - Stopped by John Gibson without a rebound.
8:59 of 3rd period - Brayden Schenn wins face-off versus Jason Spezza in Maple Leafs zone.
9:06 of 3rd period - Mike Cammalleri is hit by Brayden Schenn and loses puck.
9:18 of 3rd period - Icing by Braydon Coburn.
9:19 of 3rd period - T.J. Hensick wins face-off versus Brayden Schenn in Maple Leafs zone.
9:22 of 3rd period - Snap shot by T.J. Hensick.
9:22 of 3rd period - Shot Misses the Net.
9:24 of 3rd period - Slapshot by Tyler Cuma.
9:24 of 3rd period - Stopped by John Gibson without a rebound.
9:25 of 3rd period - Bo Horvat wins face-off versus T.J. Hensick in Maple Leafs zone.
9:57 of 3rd period - Wrist shot by Jason Spezza.
9:57 of 3rd period - Stopped by John Gibson with a rebound.
10:03 of 3rd period - Wrist shot by Nick Palmieri.
10:03 of 3rd period - Stopped by John Gibson with a rebound.
10:05 of 3rd period - Wrist shot by Jason Spezza.
10:05 of 3rd period - Shot Misses the Net.
10:35 of 3rd period - PK Subban is hit by Blake Comeau and loses puck.
11:03 of 3rd period - Off-side.
11:04 of 3rd period - Bo Horvat wins face-off versus Jason Spezza in neutral zone.
11:35 of 3rd period - Slapshot by Claude Giroux.
11:35 of 3rd period - Stopped by Ryan Miller with a rebound.
11:43 of 3rd period - Wrist shot by Nick Palmieri.
11:43 of 3rd period - Shot Hit the Post.
11:45 of 3rd period - Wrist shot by Mike Cammalleri.
11:45 of 3rd period - Stopped by John Gibson without a rebound.
11:46 of 3rd period - Logan Couture wins face-off versus T.J. Hensick in Maple Leafs zone.
11:46 of 3rd period - Logan Couture is hit by Oskar Osala.
11:52 of 3rd period - Slapshot by Ryan Parent.
11:52 of 3rd period - Stopped by Ryan Miller without a rebound.
11:53 of 3rd period - Logan Couture wins face-off versus T.J. Hensick in Sharks zone.
12:07 of 3rd period - Snap shot by Milan Michalek.
12:07 of 3rd period - Goal by Milan Michalek - Maple Leafs : 5 - Sharks : 3.
12:08 of 3rd period - Jason Spezza wins face-off versus Bo Horvat in neutral zone.
12:10 of 3rd period - Tyler Cuma is hit by Patrick Kane and loses puck.
12:53 of 3rd period - Kevin Shattenkirk is hit by Andrej Sekera and loses puck.
13:13 of 3rd period - Kevin Shattenkirk is hit by Karl Alzner and loses puck.
13:16 of 3rd period - Wrist shot by Dany Heatley.
13:16 of 3rd period - Stopped by Ryan Miller without a rebound.
13:17 of 3rd period - Jason Spezza wins face-off versus Dany Heatley in Sharks zone.
13:33 of 3rd period - Snap shot by Dany Heatley.
13:33 of 3rd period - Shot Blocked by Karl Alzner.
13:51 of 3rd period - Slapshot by Oskar Osala.
13:51 of 3rd period - Shot Blocked by Braydon Coburn.
14:42 of 3rd period - Off-side.
14:43 of 3rd period - T.J. Hensick wins face-off versus Mika Zibanejad in neutral zone.
14:46 of 3rd period - Wrist shot by Drew Doughty.
14:46 of 3rd period - Shot Blocked by Mika Zibanejad.
14:48 of 3rd period - Slapshot by Milan Michalek.
14:48 of 3rd period - Shot Misses the Net.
14:50 of 3rd period - Slapshot by Tyler Cuma.
14:50 of 3rd period - Shot Misses the Net.
14:57 of 3rd period - Off-side.
14:58 of 3rd period - Mike Cammalleri wins face-off versus Bo Horvat in neutral zone.
15:05 of 3rd period - Wrist shot by Jason Spezza.
15:05 of 3rd period - Shot Misses the Net.
15:07 of 3rd period - Slapshot by Tyler Cuma.
15:07 of 3rd period - Deflect By Claude Giroux.
15:07 of 3rd period - Stopped by John Gibson without a rebound.
15:08 of 3rd period - T.J. Hensick wins face-off versus Brayden Schenn in Maple Leafs zone.
15:09 of 3rd period - Snap shot by Drew Doughty.
15:09 of 3rd period - Stopped by John Gibson with a rebound.
15:13 of 3rd period - Slapshot by Drew Doughty.
15:13 of 3rd period - Shot Misses the Net.
15:15 of 3rd period - Snap shot by Boone Jenner.
15:15 of 3rd period - Stopped by John Gibson without a rebound.
15:16 of 3rd period - Brayden Schenn wins face-off versus T.J. Hensick in Maple Leafs zone.
15:18 of 3rd period - Minor Penalty to Andre Burakovsky for Tripping.
15:19 of 3rd period - Jason Spezza wins face-off versus Logan Couture in Maple Leafs zone.
15:25 of 3rd period - Wrist shot by Nick Palmieri.
15:25 of 3rd period - Shot Misses the Net.
15:27 of 3rd period - Wrist shot by Tyler Cuma.
15:27 of 3rd period - Stopped by John Gibson with a rebound.
15:29 of 3rd period - Wrist shot by Tyler Cuma.
15:29 of 3rd period - Deflect By Nick Palmieri.
15:29 of 3rd period - Shot Misses the Net.
15:29 of 3rd period - Puck is out of play.
15:30 of 3rd period - Jason Spezza wins face-off versus Logan Couture in Maple Leafs zone.
15:43 of 3rd period - Snap shot by Jason Spezza.
15:43 of 3rd period - Shot Misses the Net.
15:45 of 3rd period - Slapshot by Drew Doughty.
15:45 of 3rd period - Stopped by John Gibson without a rebound.
15:46 of 3rd period - Mike Cammalleri wins face-off versus Logan Couture in Maple Leafs zone.
15:49 of 3rd period - Slapshot by Drew Doughty.
15:49 of 3rd period - Stopped by John Gibson without a rebound.
15:50 of 3rd period - Claude Giroux wins face-off versus Jason Spezza in Maple Leafs zone.
16:05 of 3rd period - Slapshot by Drew Doughty.
16:05 of 3rd period - Stopped by John Gibson without a rebound.
16:06 of 3rd period - Jason Spezza wins face-off versus Logan Couture in Maple Leafs zone.
16:15 of 3rd period - Slapshot by Drew Doughty.
16:15 of 3rd period - Shot Blocked by Kevin Shattenkirk.
16:17 of 3rd period - Slapshot by Drew Doughty.
16:17 of 3rd period - Shot Misses the Net.
16:19 of 3rd period - Wrist shot by Mike Cammalleri.
16:19 of 3rd period - Shot Misses the Net.
16:29 of 3rd period - Logan Couture is hit by Tyler Cuma and loses puck.
16:36 of 3rd period - Minor Penalty to T.J. Hensick for Goalie Interference.
16:37 of 3rd period - Jason Spezza wins face-off versus Logan Couture in Sharks zone.
17:18 of 3rd period - Penalty to Andre Burakovsky is over, Andre Burakovsky is back on ice.
18:36 of 3rd period - Penalty to T.J. Hensick is over, T.J. Hensick is back on ice.
18:38 of 3rd period - Karl Alzner is hit by Mika Zibanejad and loses puck.
19:24 of 3rd period - Icing by Brayden McNabb.
19:25 of 3rd period - Jason Spezza wins face-off versus Bo Horvat in Sharks zone.
19:36 of 3rd period - Andre Burakovsky is hit by Jason Spezza.
Goals for this period are 1 for Maple Leafs vs 1 for Sharks.
Shots for this period are 10 for Maple Leafs vs 16 for Sharks.